 Dungeon Crawl Stone Soup version 0.30-a0-165-g1891117ce2 (webtiles) character file.

Game seed: 15077433806872392838

25 xian the Chiller (level 3, -2/24 HPs)
             Began as a Merfolk Ice Elementalist on Sept 28, 2022.
             Slain by a quokka (4 damage)
             ... on level 1 of the Dungeon.
             The game lasted 00:02:15 (1551 turns).

xian the Chiller (Merfolk Ice Elementalist)         Turns: 1551, Time: 00:02:15

Health: -2/24      AC:  2    Str: 10    XL:     3   Next: 6%
Magic:  0/6        EV: 13    Int: 14    God:
Gold:   39         SH:  0    Dex: 14    Spells: 5/6 levels left

rFire   . . .      SeeInvis .    c - +0 dagger
rCold   . . .      Faith    .    (no shield)
rNeg    . . .      Spirit   .    a - +0 robe
rPois   .          Reflect  .    (no helmet)
rElec   .          Harm     .    (no cloak)
rCorr   .          Rampage  .    (no gloves)
Will    .....                    (no boots)
Stlth   ++........               (no amulet)
HPRegen 0.08/turn                (no ring)
MPRegen 0.10/turn                (no ring)

@: no status effects
A: (nimble swimmer 2), mertail
a: no special abilities


You were on level 1 of the Dungeon.
You visited 1 branch of the dungeon, and saw 1 of its levels.

You collected 39 gold pieces.

Inventory:

Hand Weapons
 c - a +0 dagger (weapon)
Armour
 a - a +0 robe (worn)
Potions
 b - 2 potions of magic
 d - a potion of degeneration {unknown}
 e - a potion of heal wounds {unknown}
 f - a potion of lignification {unknown}


   Skills:
 + Level 0.6 Short Blades
 + Level 3.0 Dodging
 + Level 2.3 Stealth
 + Level 2.3 Spellcasting
 + Level 4.8 Ice Magic


You had 5 spell levels left.
You knew the following spells:

 Your Spells              Type           Power      Damage    Failure   Level
a - Freeze                Ice            60%        1d8       3%          1

Your spell library contained the following spells:

 Spells                   Type           Power      Damage    Failure   Level
 Frozen Ramparts          Ice            30%        1d5       10%         3
 Ozocubu's Armour         Ice            15%        N/A       10%         3
 Shock                    Conj/Air       4%         1d3       22%         1
 Dazzling Flash           Conj/Hex       2%         N/A       56%         3
 Summon Ice Beast         Ice/Summ       8%         N/A       63%         4
 Flame Wave               Conj/Fire      1%         2d4       92%         4
 Agony                    Necr           1%         N/A       99%         5
 Arcjolt                  Conj/Air       0%         1d10      99%         5
 Silence                  Hex/Air        0%         N/A       99%         5


Dungeon Overview and Level Annotations

Branches:
Dungeon (1/15)

Altars:


Innate Abilities, Weirdness & Mutations

((You are very nimble when in or above water. (Stealth+, EV+, Speed+++)))
Your lower body shifts to a powerful aquatic tail in water.


Message History

Confirm with . or Enter, or press ? or * to list all spells.
Aiming: Freeze (safe; 3% risk of failure)
Press: ? - help, Shift-Dir - straight line, f/p - giant cockroach
Aim: a giant cockroach (heavily wounded)
You freeze the giant cockroach.
The giant cockroach is severely wounded.
The giant cockroach barely misses you.
Casting: Freeze (safe; 3% risk of failure)
Confirm with . or Enter, or press ? or * to list all spells.
Aiming: Freeze (safe; 3% risk of failure)
Press: ? - help, Shift-Dir - straight line, f/p - giant cockroach
Aim: a giant cockroach (severely wounded)
You freeze the giant cockroach!
You kill the giant cockroach!
Casting: Freeze (safe; 3% risk of failure)
Confirm with . or Enter, or press ? or * to list all spells.
Aiming: Freeze (safe; 3% risk of failure)
Press: ? - help, Shift-Dir - straight line, f - ball python
Aim: a ball python You freeze the ball python.
You kill the ball python!
Casting: Freeze (safe; 3% risk of failure)
Confirm with . or Enter, or press ? or * to list all spells.
Aiming: Freeze (safe; 3% risk of failure)
Press: ? - help, Shift-Dir - straight line, f - quokka
Aim: a quokka You freeze the quokka.
The quokka is heavily wounded.
The quokka closely misses you.
You hit the quokka but do no damage.
The quokka is heavily wounded.
The quokka bites you.
* * * LOW HITPOINT WARNING * * *
You closely miss the quokka.
The quokka is heavily wounded.
The quokka closely misses you.
You hit the quokka but do no damage.
The quokka is heavily wounded.
The quokka closely misses you. The quokka bites you.
You die...

.....#.#.#.#.# #
##.....#.#.#.#.###
#####.#......#.#....†...
......#......#.#..#..#..
..........# #.>........
#.# ###.##..#.. #g#
#......†# #r# #..#.....
#@# #.####..#....# #.#
#.......######
#.#######.........
#.......#.#.......
###.....#.#.....#.
#.###.#.#....... #.#
#.#.###.## #.#
#.#....... #.#
#.#.##...#


You could see a quokka and a goblin.

Vanquished Creatures
  A dart slug (D:1)
  5 ball pythons (D:1)
  An endoplasm (D:1)
  2 giant cockroaches (D:1)
  3 hobgoblins (D:1)
  A quokka (D:1)
  3 bats (D:1)
  2 frilled lizards (D:1)
  A goblin (D:1)
  3 kobolds (D:1)
  A rat (D:1)
23 creatures vanquished.

Notes
Turn   | Place    | Note
-------+----------+-------------------------------------------
     0 | D:1      | xian the Merfolk Ice Elementalist began the quest for the
                  | Orb.
     0 | D:1      | Reached XP level 1. HP: 13/13 MP: 3/3
    52 | D:1      | Got Jamal's Folio of Confrontation
   459 | D:1      | Reached XP level 2. HP: 9/19 MP: 3/5
  1543 | D:1      | Reached XP level 3. HP: 4/24 MP: 6/6
  1551 | D:1      | Slain by a quokka

Illustrated notes

Levels and vault maps discovered:
D:1:      ncdulo_smallfort, layout_basic

Skill      XL: |  1  2 |
---------------+-------+-----
Dodging        | 3 |  3.0
Short Blades   | |  0.6
Stealth        | |  2.3
Spellcasting   | |  2.3
Ice Magic      | |  4.8

Action                   || total
-------------------------++-------
Melee: Dagger            ||    68
       Unarmed           ||     4
       Punch             ||     1
 Cast: Freeze            ||    19
 Stab: Sleeping          ||     2
Armor: Robe              ||    33
Dodge: Dodged            ||   103

Table legend: (Time is in decaauts)
 A = Elapsed time spent in this place.
 B = Non-inter-level travel time spent in this place.
 C = Inter-level travel time spent in this place.
 D = Time resting spent in this place.
 E = Time spent auto-exploring this place.
 F = Levels seen in this place.
 G = Mean time per level.
                   A        B        C        D        E       F      G
               +--------+--------+--------+--------+--------+-----+--------+
         Total |   1550 |   1550 |      0 |      0 |   1267 |   1 | 1550.0 |
       Dungeon |   1550 |   1550 |      0 |      0 |   1267 |   1 | 1550.0 |
               +--------+--------+--------+--------+--------+-----+--------+

Top non-repeatable levels by time:
     D:1: 1550 daAuts
